 Dungeon Crawl Stone Soup version 0.18-a0-1229-ge9a1a01 (webtiles) character file.

41 Duffy the Conjurer (level 3, -1/26 HPs)
             Began as a Draconian Fire Elementalist on Feb 4, 2016.
             Slain by a jackal (3 damage)
             ... on level 2 of the Dungeon.
             The game lasted 00:02:01 (1571 turns).

Duffy the Conjurer (Draconian Fire Elementalist)    Turns: 1571, Time: 00:02:01

Health: -1/26      AC:  5    Str: 10    XL:     3   Next: 32%
Magic:  0/6        EV: 12    Int: 16    God:
Gold:   16         SH:  0    Dex: 11    Spells: 1 memorised, 5 levels left

rFire  . . .     SeeInvis .     (no weapon)
rCold  . . .     Gourm    .     (armour unavailable)
rNeg   + . .     Faith    .     (no shield)
rPois  .         Spirit   .     (helmet restricted)
rElec  .         Dismiss  .     (no cloak)
rCorr  .         Reflect  .     (no gloves)
SustAt .         Harm     .     (no boots)
MR     .....                    (no amulet)
Stlth  ++........               (no ring)
                                d - ring of positive energy

@: not resistant to hostile enchantments, unstealthy
A: unfitting armour, cold-blooded, AC +5
a: no special abilities


You were on level 2 of the Dungeon.
You were not hungry.

You visited 1 branch of the dungeon, and saw 2 of its levels.

You collected 16 gold pieces.


Innate Abilities, Weirdness & Mutations

Your plain brown scales are hard (AC +5).
Your body does not fit into most forms of armour.
You are cold-blooded and may be slowed by cold attacks.


   Skills:
 - Level 1.7 Dodging
 - Level 1.7 Stealth
 - Level 2.0 Spellcasting
 + Level 3.3 Conjurations
 - Level 3.0 Fire Magic


You had 5 spell levels left.
You knew the following spells:

 Your Spells              Type           Power        Failure   Level  Hunger
a - Flame Tongue          Conj/Fire      ##...        8%          1    #......

Inventory:

Jewellery
 d - a ring of positive energy (left hand)
Scrolls
 e - a scroll of immolation {unknown}
 g - a scroll of noise {unknown}
 i - a scroll of identify {unknown}
Potions
 h - a potion of flight {unknown}
Books
 a - a book of Flames
Comestibles
 b - a bread ration
 c - a beef jerky

Dungeon Overview and Level Annotations

Branches:
Dungeon (2/15)

Altars:


Message History

There is a stone staircase leading up, spattered with blood here.
The jackal closely misses you. The jackal misses you.
The jackal closely misses you.
There is a stone staircase leading up, spattered with blood here.
The jackal bites you.
Cast which spell? (? or * to list)
Aiming: Flame Tongue
Press: ? - help, Shift-Dir - straight line, f/p - jackal
Aim: a jackal (heavily wounded)
The flame tongue misses the jackal.
The jackal barely misses you. x2
The jackal closely misses you.
There is a stone staircase leading up, spattered with blood here.
The jackal barely misses you. The jackal barely misses you.
The jackal bites you.
There is a stone staircase leading up, spattered with blood here.
The jackal barely misses you. The jackal misses you.
The jackal bites you but does no damage.
There is a stone staircase leading up, spattered with blood here.
The jackal closely misses you. The jackal closely misses you.
There is a stone staircase leading up, spattered with blood here.
The jackal misses you. The jackal bites you.
Cast which spell? (? or * to list)
Aiming: Flame Tongue
Press: ? - help, Shift-Dir - straight line, f/p - jackal
Aim: a jackal (moderately wounded)
The flame tongue hits the jackal.
The jackal appears unharmed.
The jackal is moderately wounded.
The jackal bites you.
The jackal bites you but does no damage.
The jackal barely misses you.
There is a stone staircase leading up, spattered with blood here.
The jackal bites you.
You die...

#..........
###........##
............#
#..........#
#..........#
#..........#
#..........#
##...%h...##
##..<@..##
########


You could see a jackal.

Action                   || total
-------------------------++-------
 Cast: Flame Tongue      ||    65
  Eat: Chunk             ||     3

Notes
Turn   | Place    | Note
--------------------------------------------------------------
     0 | D:1      | Duffy the Draconian Fire Elementalist began the quest for the Orb.
     0 | D:1      | Reached XP level 1. HP: 14/14 MP: 3/3
   582 | D:1      | Reached skill level 2 in Conjurations
   598 | D:1      | Reached XP level 2. HP: 20/20 MP: 0/5
  1305 | D:1      | Reached skill level 3 in Conjurations
  1305 | D:1      | Reached XP level 3. HP: 26/26 MP: 2/6
  1571 | D:2      | Slain by a jackal

Vault maps used:
D:1:      dpeg_arrival_pond
D:2:      ecumenical_altar_2, uniq_sigmund

Vanquished Creatures
  An adder
  A giant gecko
  A giant cockroach
  2 goblins
  6 hobgoblins
  2 jackals
  A ball python
  2 bats
  9 kobolds
  6 rats
31 creatures vanquished.
